[Event "Early-Titled-Tuesday-Blitz-January-30-2024"]
[Site "Chess.com"]
[Date "2024.01.30"]
[Round "8"]
[White "Njal28"]
[Black "MatthewG-p4p"]
[Result "1-0"]
[WhiteElo "3051"]
[BlackElo "2879"]
[TimeControl "180+1"]
[EndTime "9:29:32 PST"]
[Termination "Njal28 won by resignation"]

1. d4 d5 2. Nf3 Bf5 3. c3 e6 4. Qb3 Qc8 5. c4 c6 6. Nc3 Nf6 7. Bf4 Be7 8. e3 O-O 9. Rc1 Nbd7 10. h3 Ne4 11. Be2 Nxc3 12. Qxc3 a5 13. O-O Nf6 14.
Bd3 Bxd3 15. Qxd3 Ne4 16. Ne5 Qd8 17. Rfd1 a4 18. a3 f6 19. Nf3 Bd6 20. Bxd6 Nxd6 21.
Nd2 f5 22. Rc2 Qf6 23. c5 Ne4 24. Nf3 f4 25. exf4 Qxf4 26. Re2 Rf6 27. Qe3 Raf8 28. Qxf4 Rxf4 29. Rd3 Rb8 30. b4 axb3 31. Rxb3 Rf7 32. Ne5 Rc7 33. Reb2 Nf6 34. Rb6 Ra8 35. Rxb7 Rxb7 36.
Rxb7 h5 37. Nxc6 Rxa3 38. Nd8 Ra1+ 39. Kh2 Ne4 40. Nxe6 h4 41. Rxg7+ Kh8 42. Rg4 Nxf2 43. Rxh4+ Kg8 44. c6 Rh1+ 45. Kg3 Ne4+ 46. Rxe4 dxe4 47. c7 Rc1 48. Nc5 1-0

[Event "Early-Titled-Tuesday-Blitz-January-30-2024"]
[Site "Chess.com"]
[Date "2024.01.30"]
[Round "8"]
[White "Seochesspie"]
[Black "CarlosjPineror"]
[Result "0-1"]
[WhiteElo "2852"]
[BlackElo "2683"]
[TimeControl "180+1"]
[EndTime "9:29:32 PST"]
[Termination "CarlosjPineror won by resignation"]

1. d4 Nf6 2. c4 e6 3. Nf3 c5 4. d5 exd5 5. cxd5 d6 6. Nc3 Be7 7. e4 O-O 8. h3 Re8 9. Bd3 Na6 10. O-O Nc7 11. Re1 a6 12. a4 Rb8 13. a5 b5 14. axb6 Rxb6 15. Qc2 Nb5 16. Bd2 Nd7 17. Nxb5 axb5 18. Ba5 c4 19. Bf1 Bf6 20. Rad1 Qc7 21. Nd4 Qc5 22. Bxb6 Qxb6 23. Nc6 Bb7 24. b3 c3 25. b4 Bxc6 26. dxc6 Qxc6 27. Re3 Nb6 28. g3 Nc4 29. Bxc4 bxc4 30. Rd5 Rb8 31. b5 Rxb5 32. Rxb5 Qxb5 33. Kg2 Qb3 34. Re2 g6 35. f4 Bd4 36. h4 h5 37. Qa2 Qd1 38. Qc2 Qd3 39.
Qa2 Kg7 40. Qc2 Kg8 41. Qa2 Be3 42. Rc2 Qxe4+ 43. Kh2 Bd2 44. Qb1 d5 45. Qd1 d4 46.
Ra2 d3 0-1

[Event "Early-Titled-Tuesday-Blitz-January-30-2024"]
[Site "Chess.com"]
[Date "2024.01.30"]
[Round "8"]
[White "Talent-OF-Slovenia"]
[Black "PepeCuenca"]
[Result "0-1"]
[WhiteElo "2480"]
[BlackElo "2668"]
[TimeControl "180+1"]
[EndTime "9:29:33 PST"]
[Termination "PepeCuenca won by resignation"]

1. e4 c5 2. Nf3 Nc6 3. Bb5 e5 4.
Bxc6 dxc6 5. O-O f6 6. d3 Ne7 7.
h3 Be6 8. b3 Qd7 9. Be3 b6 10.
Qe2 g5 11. Nbd2 Ng6 12. a4 h5 13. a5 b5 14. Rfd1 g4 15. Nh2 gxh3 16. g3 O-O-O 17. Kh1 Bd6 18. c4 b4 19. Qf1 h4 20. g4 Bxg4 21.
f3 Be6 22. Qf2 Nf4 23. Bxf4 exf4 24. d4 cxd4 25. Qxd4 Be5 26. Qxd7+ Rxd7 27. Ra4 Rhd8 28. Ra2 Rd3 29. Nhf1 Rxf3 30. Rda1 Rfd3 31. a6 Bxa1 0-1

[Event "Early-Titled-Tuesday-Blitz-January-30-2024"]
[Site "Chess.com"]
[Date "2024.01.30"]
[Round "8"]
[White "Sebastian"]
[Black "Gabrielian_Artur"]
[Result "0-1"]
[WhiteElo "2945"]
[BlackElo "2783"]
[TimeControl "180+1"]
[EndTime "9:29:35 PST"]
[Termination "Gabrielian_Artur won on time"]

1. e4 c5 2. Nf3 d6 3. d4 cxd4 4. Nxd4 Nf6 5. Nc3 Nc6 6. Bg5 Bd7 7. Qd2 Rc8 8. f4 Nxd4 9. Qxd4 Qb6 10. Qxb6 axb6 11. Bd3 e6 12. O-O-O Nh5 13. f5 Be7 14. Be3 g6 15. fxe6 fxe6 16. Bxb6 Nf4 17. g3 Nxd3+ 18. Rxd3 Rf8 19. Rhd1 h5 20. Ba5 Rf2 21. Bb4 Bb5 22. Rd4 e5 23. Rxd6 Bxd6 24. Rxd6 Bc6 25. b3 Kf7 26. h4 Rf3 27. Nd5 Rxg3 28. Rf6+ Kg7 29. Re6 Re8 30. Be7 Bxd5 31. exd5 Kf7 32.
Rb6 Rxe7 0-1

[Event "Early-Titled-Tuesday-Blitz-January-30-2024"]
[Site "Chess.com"]
[Date "2024.01.30"]
[Round "8"]
[White "mertfelin"]
[Black "Predator0608"]
[Result "0-1"]
[WhiteElo "2282"]
[BlackElo "2482"]
[TimeControl "180+1"]
[EndTime "9:29:36 PST"]
[Termination "Predator0608 won by resignation"]

1. e4 c5 2. Nf3 d6 3. Bb5+ Bd7 4. c4 Nf6 5. Nc3 g6 6. d4 cxd4 7. Nxd4 Bg7 8. O-O O-O 9. Qe2 Nc6 10. Nxc6 bxc6 11. Ba4 Qa5 12. Bd2 Ne8 13. Bb3 Qa6 14. Rfd1 Nc7 15. Rac1 Ne6 16. Be3 Rab8 17. h3 Rb7 18. Qc2 c5 19. Nd5 Bc6 20. Qd2 Nd4 21. Bxd4 Bxd4 22. Nc3 Rbb8 23. Re1 f5 24. Nd5 fxe4 25.
Nxe7+ Kg7 26. Rf1 Rf7 27. Nd5 Bxd5 28. cxd5 Rbf8 29. Rc2 Rxf2 30. Rxf2 Rxf2 31. Qd1 Rf1+ 0-1

[Event "Early-Titled-Tuesday-Blitz-January-30-2024"]
[Site "Chess.com"]
[Date "2024.01.30"]
[Round "8"]
[White "LuisFSiles"]
[Black "Kotlyar_K"]
[Result "1-0"]
[WhiteElo "2248"]
[BlackElo "2446"]
[TimeControl "180+1"]
[EndTime "9:29:37 PST"]
[Termination "LuisFSiles won by resignation"]

1. e4 e5 2. Nf3 Nc6 3. Bc4 Nf6 4. Nc3 Nxe4 5. O-O Nxc3 6. dxc3 Be7 7. Qd5 O-O 8. Nxe5 Nxe5 9. Qxe5 Bf6 10. Qg3 d5 11. Bd3 Re8 12. Bf4 c6 13. Bc7 Qe7 14. Bd6 Qd7 15. Rae1 g6 16. Bf5 Qd8 17. Bc7 Rxe1 18. Bxd8 Rxf1+ 19. Kxf1 Bxd8 20. Bd3 Be6 21. h4 Bb6 22. h5 Re8 23. h6 Bc8 24. Qf4 Bd8 25. Qd4 f6 26. Qxa7 Kf7 27. a4 Re7 28. Qd4 Bc7 29. c4 Be5 30. Qb6 Bxb2 31. Qxb2 Be6 32. cxd5 Bxd5 33. f3 Be6 34. Kf2 Bd5 35. g4 Be6 36. g5 fxg5 37. Qh8 Bd5 38. Qxh7+ Ke6 39. Qxg6+ Kd7 40. h7 Rxh7 41. Qxh7+ 1-0

[Event "Early-Titled-Tuesday-Blitz-January-30-2024"]
[Site "Chess.com"]
[Date "2024.01.30"]
[Round "8"]
[White "jefferyx"]
[Black "BocharovD"]
[Result "1-0"]
[WhiteElo "2994"]
[BlackElo "2868"]
[TimeControl "180+1"]
[EndTime "9:29:39 PST"]
[Termination "jefferyx won by resignation"]

1. e4 c5 2. Nf3 d6 3. Nc3 a6 4. d4 cxd4 5. Qxd4 Nc6 6. Qd3 g6 7.
Be3 Bg7 8. O-O-O Bg4 9. Nd5 Rc8 10. Be2 Nf6 11. Nxf6+ Bxf6 12. Qd2 O-O 13. Kb1 Qa5 14. Qxa5 Nxa5 15. h3 Be6 16. Nd4 Nc4 17. Bc1 Bd7 18. b3 Ne5 19. c4 Nc6 20. Nc2 Bg7 21. Bb2 f5 22. c5 fxe4 23. Bc4+ Kh8 24. Bxg7+ Kxg7 25. cxd6 e6 26. Rhf1 Kf6 27. Ne3 h5 28. Be2 b5 29. g4 h4 30. g5+ Kxg5 31. Rg1+ Kf6 32. Rg4 e5 33. Rxh4 Rh8 34. Bg4 Bxg4 35. Rxg4 Rcd8 36.
d7 Nd4 37. Rxe4 Rxd7 38. Ng4+ Kf5 39. Rxe5+ Kf4 40. Re3 Rhd8 41. Ne5 Rd5 42. Nxg6+ Kf5 43. Ne7+ 1-0

[Event "Early-Titled-Tuesday-Blitz-January-30-2024"]
[Site "Chess.com"]
[Date "2024.01.30"]
[Round "8"]
[White "JoachimBN"]
[Black "GMSrinath"]
[Result "1-0"]
[WhiteElo "2610"]
[BlackElo "2808"]
[TimeControl "180+1"]
[EndTime "9:29:39 PST"]
[Termination "JoachimBN won by resignation"]

1. d4 f5 2. Nc3 Nf6 3. Bg5 Ne4 4.
Nxe4 fxe4 5. Qd2 d5 6. f3 Bf5 7. g4 Bg6 8. Nh3 exf3 9. exf3 Nc6 10. Bb5 Qd7 11. O-O-O O-O-O 12. Nf4 Bf7 13. Nd3 Qd6 14. Bf4 Qg6 15. Bg3 Be8 16. Kb1 h5 17. h3 hxg4 18. Bxc6 Qxc6 19. hxg4 Rxh1 20. Rxh1 e6 21. Ne5 Qb6 22.
Bh4 Rd6 23. Qf4 Qb5 24. Qxf8 Kb8 25. Bg5 a5 26. b3 Ka7 27. Be7 Ra6 28. a4 Qb6 29. Bc5 Bxa4 30. Bxb6+ Rxb6 31. Qc5 Bb5 32. Rh7 a4 33. Rxg7 axb3 34. cxb3 1-0

[Event "Early-Titled-Tuesday-Blitz-January-30-2024"]
[Site "Chess.com"]
[Date "2024.01.30"]
[Round "8"]
[White "Let_it_be_1"]
[Black "monomita"]
[Result "1-0"]
[WhiteElo "2587"]
[BlackElo "2756"]
[TimeControl "180+1"]
[EndTime "9:29:43 PST"]
[Termination "Let_it_be_1 won by checkmate"]

1. e4 e5 2. Nf3 Nc6 3. Bb5 a6 4. Ba4 Nf6 5. d4 exd4 6. O-O Be7 7. e5 Ne4 8. Nxd4 O-O 9. Nf5 Nc5 10. Qg4 g6 11. Bxc6 dxc6 12. Nxe7+ Qxe7 13. Qg3 f6 14. exf6 Qxf6 15. Nc3 Bf5 16. Re1 Bxc2 17. Bg5 Qd4 18. Re7 Rae8 19. Be3 Qd6 20. Rxc7 Qxg3 21. hxg3 Nd3 22.
Rxb7 Ne5 23. Rc1 Bf5 24. Na4 Nd3 25. Rc3 Be4 26. Ra7 Nb4 27. Bc5 Nxa2 28. Ra3 Nc1 29. Bxf8 Rxf8 30. Re3 Bd5 31. Ree7 Rb8 32. Nc3 Bc4 33. Ne4 Ne2+ 34. Kh2 Nd4 35. Rxh7 Nf5 36.
Nf6+ Kf8 37. Rh8+ Bg8 38. Rxg8# 1-0

[Event "Early-Titled-Tuesday-Blitz-January-30-2024"]
[Site "Chess.com"]
[Date "2024.01.30"]
[Round "8"]
[White "cthulhuuu"]
[Black "Tunahan_Makaraci"]
[Result "1-0"]
[WhiteElo "2375"]
[BlackElo "2526"]
[TimeControl "180+1"]
[EndTime "9:29:43 PST"]
[Termination "cthulhuuu won by resignation"]

1. e4 c5 2. Nf3 g6 3. g3 Bg7 4. Bg2 Nc6 5. O-O d6 6. d3 Nf6 7. Re1 O-O 8. e5 dxe5 9. Nxe5 Nxe5 10. Rxe5 Nd7 11. Re1 Rb8 12. Nc3 b6 13. h4 Bb7 14.
Ne4 h6 15. a4 f5 16. Nc3 Bxg2 17. Kxg2 e5 18. Qf3 Qc7 19. Nd5 Qd6 20. Ne3 Rbe8 21.
Nc4 Qe6 22. Qb7 e4 23. Bf4 g5 24. hxg5 hxg5 25. Bxg5 f4 26. Rxe4 f3+ 27. Kh2 Qf5 28.
Bh4 Rxe4 29. Qxe4 Qh5 30. Qe6+ Kh8 31. Qxd7 Bf6 32. Qh3 1-0

[Event "Early-Titled-Tuesday-Blitz-January-30-2024"]
[Site "Chess.com"]
[Date "2024.01.30"]
[Round "8"]
[White "HajiyevKanan"]
[Black "esrosenberg"]
[Result "1-0"]
[WhiteElo "2579"]
[BlackElo "2404"]
[TimeControl "180+1"]
[EndTime "9:29:44 PST"]
[Termination "HajiyevKanan won by resignation"]

1. d4 d5 2. Nf3 Bf5 3. c4 e6 4. cxd5 exd5 5. Nc3 c6 6. Bg5 Qb6 7. Qd2 Nd7 8. Nh4 Be4 9. f3 Bg6 10. Nxg6 hxg6 11. e4 dxe4 12. O-O-O Bb4 13. Re1 f5 14.
fxe4 fxe4 15. Rxe4+ Kf8 16. Bc4 Ngf6 17. Re6 Re8 18.
Rxe8+ Kxe8 19. Re1+ Kd8 20. d5 Qc5 21. dxc6 bxc6 22.
Be6 Kc7 23. Bf4+ Kc8 24. Rd1 Nd5 25. Bxd5 cxd5 26. Qxd5 Qxd5 27. Nxd5 Bc5 28. b4 Bb6 29. Ne7+ Kd8 30. Nxg6 Rh5 31. g4 Rb5 32. Nf8 Rxb4 33. Bg5+ Ke8 34. Nxd7 Rxg4 35. h4 Rg2 36. Nxb6 axb6 37.
Rd2 Rg1+ 38. Kb2 Kf7 39. Rd7+ Kg6 40. Rd6+ Kh5 41. Rxb6 g6 42. a4 Rg2+ 43. Kb3 Rg1 44. a5 Rb1+ 45. Kc4 Ra1 46. a6 Ra2 47. Kb5 Rb2+ 48.
Kc6 Ra2 49. Kb7 1-0

[Event "Early-Titled-Tuesday-Blitz-January-30-2024"]
[Site "Chess.com"]
[Date "2024.01.30"]
[Round "8"]
[White "Orest_Vovk"]
[Black "AradNazari"]
[Result "0-1"]
[WhiteElo "2503"]
[BlackElo "2684"]
[TimeControl "180+1"]
[EndTime "9:29:45 PST"]
[Termination "AradNazari won on time"]

1. g4 g5 2. Nf3 Nf6 3. h4 Nxg4 4. hxg5 e5 5. d4 e4 6. Ne5 d6 7. Nxg4 Bxg4 8. c4 Bg7 9. Nc3 Nc6 10. Be3 Qe7 11.
Rh4 h5 12. Bg2 f5 13. Nd5 Qf7 14. f3 exf3 15. exf3 f4 16. Bf2 Bf5 17. Rxf4 O-O-O 18.
Kf1 Qg6 19. Qa4 Qxg5 20. Bh4 Qg6 21. Bxd8 Rxd8 22. Kf2 Re8 23. Re1 Rxe1 24. Kxe1 Qg3+ 25. Kf1 Bd3+ 26. Kg1 Bh6 27. Ne7+ Kd7 28. Nxc6 bxc6 29.
Rf7+ Ke6 30. Qxc6 Be3+ 31. Kh1 Qh4+ 0-1

[Event "Early-Titled-Tuesday-Blitz-January-30-2024"]
[Site "Chess.com"]
[Date "2024.01.30"]
[Round "8"]
[White "falzehope0"]
[Black "Logman74"]
[Result "0-1"]
[WhiteElo "2386"]
[BlackElo "2565"]
[TimeControl "180+1"]
[EndTime "9:29:45 PST"]
[Termination "Logman74 won on time"]

1. d4 Nf6 2. e3 g6 3. Bd3 Bg7 4. f4 d6 5. Nf3 O-O 6. O-O Nbd7 7. f5 c5 8. Qe1 b6 9. Qh4 Bb7 10. fxg6 hxg6 11. Ng5 cxd4 12. Bb5 Re8 13. exd4 a6 14. Bxd7 Qxd7 15. h3 Rac8 16. c3 Qc6 17. Rf2 e5 18.
Nd2 exd4 19. cxd4 Re1+ 20. Nf1 Rce8 21. b3 R8e2 22. Ba3 Rxf2 23. Qxf2 Rxa1 24. Bb2 Rxa2 25. Nf3 Ne4 26. Qe2 Qd5 27. Qc2 Rxb2 28. Qxb2 Nc5 0-1

[Event "Early-Titled-Tuesday-Blitz-January-30-2024"]
[Site "Chess.com"]
[Date "2024.01.30"]
[Round "8"]
[White "Horokoskii"]
[Black "Ati1517"]
[Result "0-1"]
[WhiteElo "2144"]
[BlackElo "2250"]
[TimeControl "180+1"]
[EndTime "9:29:45 PST"]
[Termination "Ati1517 won on time"]

1. c4 Nf6 2. Nc3 g6 3. d4 Bg7 4.
e4 d6 5. Be2 O-O 6. Bg5 Nbd7 7.
f3 e5 8. d5 h6 9. Be3 Nh5 10.
Nh3 f5 11. exf5 gxf5 12. f4 exf4 13. Nxf4 Qh4+ 14. g3 Nxg3 15. Rg1 Nh5+ 16. Bf2 Qxf4 17. Bxh5 Ne5 18. Qd2 Qxd2+ 19. Kxd2 Nxc4+ 20. Kc2 f4 21. Nb5 Bf5+ 22. Kb3 Nd2+ 23. Ka3 Kh7 24. Nd4 Nc4+ 25. Kb4 Bxd4 26. Bxd4 Rg8 27. Kxc4 Rg5 28. Rxg5 hxg5 29. Be2 Re8 30. Bd3 Bxd3+ 31. Kxd3 Kg6 32. Rg1 Kf5 33.
Rc1 Re7 34. h4 g4 35. h5 f3 36. h6 g3 37. Bg7 Kg6 38. Rh1 g2 39. Rg1 Kh7 40. Bd4 Kxh6 41. b4 Kh5 42. a3 Kg4 43. Be3 Kg3 44. Rb1 Rxe3+ 45. Kxe3 f2 0-1

[Event "Early-Titled-Tuesday-Blitz-January-30-2024"]
[Site "Chess.com"]
[Date "2024.01.30"]
[Round "8"]
[White "Roman_Ovetchkin"]
[Black "Alex_Sahakyan2006"]
[Result "0-1"]
[WhiteElo "2661"]
[BlackElo "2875"]
[TimeControl "180+1"]
[EndTime "9:29:46 PST"]
[Termination "Alex_Sahakyan2006 won by resignation"]

1. d4 Nf6 2. c4 c5 3. d5 b5 4. cxb5 a6 5. bxa6 e6 6. Nc3 exd5 7. Nxd5 Be7 8. Nf3 Nxd5 9. Qxd5 Nc6 10. Bd2 Bxa6 11.
e3 Bxf1 12. Kxf1 O-O 13. g3 Bf6 14. Bc3 Bxc3 15. bxc3 Qf6 16. Kg2 Ra5 17. Rhd1 Rd8 18. Qd6 Qxd6 19. Rxd6 Kf8 20. Rd5 d6 21. Nd2 Ke7 22.
Rh5 h6 23. Nc4 Ra6 24. Rd5 Na5 25. Nd2 Rb8 26. e4 Rb2 27. e5 Ke6 28. c4 dxe5 29.
Re1 f6 30. a3 Ra2 31. Rd3 Rd6 32. Rxd6+ Kxd6 33. Ne4+ Kc6 34. Rc1 Rxa3 35. g4 Ra4 36. Nd2 Ra2 37. Ne4 Nb3 38. Ng3 Nxc1 0-1

[Event "Early-Titled-Tuesday-Blitz-January-30-2024"]
[Site "Chess.com"]
[Date "2024.01.30"]
[Round "8"]
[White "zverr1"]
[Black "Alexchess1984"]
[Result "1-0"]
[WhiteElo "2576"]
[BlackElo "2732"]
[TimeControl "180+1"]
[EndTime "9:29:46 PST"]
[Termination "zverr1 won by resignation"]

1. d4 Nf6 2. c4 g6 3. Nc3 d5 4. cxd5 Nxd5 5. Bd2 Bg7 6. e4 Nxc3 7. Bxc3 O-O 8. Qd2 b6 9. Nf3 Bb7 10. Bd3 e6 11.
O-O Nd7 12. Bb5 Bxe4 13. Qf4 Bd5 14. Ne5 Nxe5 15. dxe5 c6 16. Be2 Qe7 17. h4 Rfd8 18. h5 c5 19. h6 Bf8 20. Rfd1 Rac8 21. Ba6 Bb7 22. Bxb7 Qxb7 23. Rd6 Qe7 24. Rad1 g5 25. Qd2 Rxd6 26. exd6 Qd8 27. Qe3 Bxd6 28. Be5 Rc6 29.
Qg3 f6 30. Rxd6 Rxd6 31. Bxd6 e5 32. Qb3+ Kh8 33. Qf7 1-0

[Event "Early-Titled-Tuesday-Blitz-January-30-2024"]
[Site "Chess.com"]
[Date "2024.01.30"]
[Round "8"]
[White "Kostya0705"]
[Black "MikaelyanArman"]
[Result "0-1"]
[WhiteElo "2600"]
[BlackElo "2850"]
[TimeControl "180+1"]
[EndTime "9:29:47 PST"]
[Termination "MikaelyanArman won on time"]

1. e4 c5 2. Nf3 Nc6 3. d4 cxd4 4.
Nxd4 g6 5. Nc3 Bg7 6. Be3 Nf6 7. Bc4 O-O 8. Bb3 Re8 9. O-O d6 10. f3 Na5 11. Qd2 a6 12. Rfe1 b5 13. Nd5 Nxb3 14.
Nxf6+ Bxf6 15. axb3 Bb7 16. b4 d5 17. exd5 Qxd5 18.
c3 Rad8 19. Rad1 e5 20. Ne2 Qb3 21. Nc1 Rxd2 22. Nxb3 Rxb2 23. Nc5 Bc8 24. Rd6 Be7 25. Rc6 Rd8 26. Nxa6 Bf5 27. Nc7 Bh4 28. g3 Be7 29. Nxb5 Bh3 30. Rc7 Bf8 31. c4 Bxb4 32. Rc1 Rg2+ 33. Kh1 Re2 34. Bg5 f6 35. Bh6 Bf8 36.
Bxf8 Rdd2 37. Bb4 Rxh2+ 38. Kg1 Rdg2+ 0-1

[Event "Early-Titled-Tuesday-Blitz-January-30-2024"]
[Site "Chess.com"]
[Date "2024.01.30"]
[Round "8"]
[White "YurasovMat-2012"]
[Black "snowlord"]
[Result "0-1"]
[WhiteElo "2618"]
[BlackElo "2855"]
[TimeControl "180+1"]
[EndTime "9:29:48 PST"]
[Termination "snowlord won on time"]

1. e4 e5 2. Nf3 Nf6 3. Nxe5 d6 4.
Nf3 Nxe4 5. Nc3 Nf6 6. d4 g6 7.
Bc4 Bg7 8. O-O O-O 9. h3 a6 10.
a3 b5 11. Bd3 Bb7 12. Re1 Nbd7 13. Bf4 Nb6 14. Ne4 Qd7 15. c3 Nxe4 16. Bxe4 Bxe4 17. Rxe4 Qf5 18. Nd2 Rfe8 19. g4 Rxe4 20. gxf5 Rxf4 21. fxg6 hxg6 22. Qe2 Bh6 23. Nf3 Kg7 24. Re1 Nd5 25. Nh2 Rf5 26. Ng4 Rh8 27. Qf1 Bg5 28. Nh2 Rh4 29. Kh1 Bh6 30. Ng4 Rfh5 31.
Qg2 Nf4 0-1

[Event "Early-Titled-Tuesday-Blitz-January-30-2024"]
[Site "Chess.com"]
[Date "2024.01.30"]
[Round "8"]
[White "nihalsarin"]
[Black "AlmasRakhmatullaev"]
[Result "0-1"]
[WhiteElo "3160"]
[BlackElo "2973"]
[TimeControl "180+1"]
[EndTime "9:29:49 PST"]
[Termination "AlmasRakhmatullaev won by checkmate"]

1. d4 d5 2. c4 e6 3. Nf3 a6 4.
Qc2 h6 5. cxd5 exd5 6. Bf4 c6 7. e3 Bd6 8. Bxd6 Qxd6 9. Nc3 Nf6 10. h3 O-O 11. Bd3 Nbd7 12. g4 c5 13. O-O-O cxd4 14.
Nxd4 Nc5 15. Kb1 b5 16. f3 Bd7 17. h4 b4 18. Nce2 Rac8 19. Qd2 Rfe8 20. Nf4 Na4 21.
g5 Nc3+ 22. bxc3 bxc3 23. Qf2 Rb8+ 24. Nb3 Ba4 25. Bc4 Qa3 26. Nxd5 Nxd5 27. Bxd5 Bxb3 28.
axb3 Rxb3+ 29. Bxb3 Qxb3+ 30. Ka1 c2 31. Rb1 Qa3# 0-1

[Event "Early-Titled-Tuesday-Blitz-January-30-2024"]
[Site "Chess.com"]
[Date "2024.01.30"]
[Round "8"]
[White "KorolDimitriy75"]
[Black "shirovin"]
[Result "1-0"]
[WhiteElo "2349"]
[BlackElo "2047"]
[TimeControl "180+1"]
[EndTime "9:29:49 PST"]
[Termination "KorolDimitriy75 won by checkmate"]

1. d4 Nf6 2. c4 g6 3. Nc3 d5 4. cxd5 Nxd5 5. e4 Nxc3 6. bxc3 Bg7 7. Nf3 c5 8. Rb1 O-O 9. Be2 b6 10. O-O Bb7 11. Qd3 Nc6 12. d5 Ne5 13. Nxe5 Bxe5 14. Bh6 Re8 15. f4 Bg7 16. Bxg7 Kxg7 17. c4 e6 18. e5 exd5 19. Bf3 Qd7 20. cxd5 Rad8 21. Rbd1 b5 22. Qc3 Kg8 23. Qxc5 a5 24. d6 Bxf3 25.
Rxf3 Rc8 26. Qd5 Rc2 27. h3 Rec8 28. Kh2 Rb2 29. Rd2 Rb1 30. Rdf2 Rcc1 31. f5 Rh1+ 32. Kg3 Rhd1 33. Qe4 Rb4 34. Qa8+ Kg7 35. fxg6 fxg6 36. Qf8# 1-0

[Event "Early-Titled-Tuesday-Blitz-January-30-2024"]
[Site "Chess.com"]
[Date "2024.01.30"]
[Round "8"]
[White "publicaccountcze"]
[Black "NtcPou"]
[Result "1-0"]
[WhiteElo "2276"]
[BlackElo "2062"]
[TimeControl "180+1"]
[EndTime "9:29:51 PST"]
[Termination "publicaccountcze won on time"]

1. e4 c6 2. d4 d5 3. f3 dxe4 4. fxe4 e5 5. Nf3 Bg4 6. Bc4 Nd7 7. O-O Ngf6 8. c3 Bd6 9. Qb3 O-O 10. Qxb7 Nxe4 11.
Nbd2 Bxf3 12. Rxf3 Ng5 13. Rf1 exd4 14. cxd4 Nb6 15. Bb3 Rc8 16. Qxa7 Bb8 17. Qa5 Qxd4+ 18. Kh1 Qh4 19. h3 Nxh3 20. Nf3 Nf2+ 21. Kg1 Bh2+ 22. Nxh2 Nh3+ 23. gxh3 Qg3+ 24. Kh1 Nd5 25. Bxd5 cxd5 26. Qxd5 Rc2 27. Rf2 1-0

[Event "Early-Titled-Tuesday-Blitz-January-30-2024"]
[Site "Chess.com"]
[Date "2024.01.30"]
[Round "8"]
[White "Jospem"]
[Black "HansOnTwitch"]
[Result "1-0"]
[WhiteElo "3084"]
[BlackElo "3208"]
[TimeControl "180+1"]
[EndTime "9:29:52 PST"]
[Termination "Jospem won on time"]

1. e4 e5 2. Nf3 Nc6 3. Nc3 Nf6 4. h3 Bb4 5. a3 Bxc3 6. dxc3 d6 7. Bd3 h6 8. Qe2 a5 9. Be3 Be6 10. O-O-O Nd7 11. Nd2 a4 12. g3 Qe7 13. f4 f6 14. f5 Bf7 15. g4 Na5 16. h4 c6 17.
g5 h5 18. Rhg1 O-O-O 19. Nc4 Nxc4 20. Bxc4 Kc7 21. Rg3 b5 22. Bd3 Nc5 23. Rdg1 Rdg8 24. c4 bxc4 25. Bxc4 Nxe4 26. Bxf7 Qxf7 27. Qa6 Qd7 28. Bb6+ Kb8 29. Re3 d5 30. Qxa4 Nd6 31.
Reg3 Nb5 32. gxf6 1-0

[Event "Early-Titled-Tuesday-Blitz-January-30-2024"]
[Site "Chess.com"]
[Date "2024.01.30"]
[Round "8"]
[White "alexrustemov"]
[Black "hsd2016"]
[Result "1-0"]
[WhiteElo "2768"]
[BlackElo "2333"]
[TimeControl "180+1"]
[EndTime "9:29:53 PST"]
[Termination "alexrustemov won on time"]

1. d4 d5 2. c4 c6 3. Nc3 Nf6 4. e3 g6 5. Nf3 Bg7 6. Be2 O-O 7. O-O dxc4 8. Bxc4 e6 9. e4 b6 10. Qe2 Bb7 11.
Rd1 Nbd7 12. h3 Re8 13. Bf4 Qe7 14. e5 Nd5 15. Bg5 Nxc3 16. bxc3 Qa3 17. Nd2 h6 18. Bh4 b5 19. Bb3 b4 20. Ne4 bxc3 21. Nd6 Ba6 22. Qc2 Reb8 23. Qxc3 c5 24. Nxf7 c4 25. Qc2 cxb3 26.
Qxg6 Nf8 27. Nxh6+ Kh8 28. Qh5 b2 29. Rab1 Rb7 30. Nf5+ Nh7 31. Nxg7 Rxg7 32. Bf6 Rg8 33. Rd2 1-0

[Event "Early-Titled-Tuesday-Blitz-January-30-2024"]
[Site "Chess.com"]
[Date "2024.01.30"]
[Round "8"]
[White "LornerAcosta"]
[Black "ProChessWICTH"]
[Result "1-0"]
[WhiteElo "2433"]
[BlackElo "2519"]
[TimeControl "180+1"]
[EndTime "9:29:53 PST"]
[Termination "LornerAcosta won by resignation"]

1. Nf3 Nf6 2. d4 g6 3. c3 Bg7 4.
Bf4 O-O 5. Nbd2 d5 6. h3 c5 7. dxc5 Nc6 8. e3 Nd7 9. Nb3 Nf6 10. Be2 a5 11. a4 Bf5 12. O-O b6 13. Bb5 Rc8 14. Ba6 bxc5 15. Bxc8 Bxc8 16. Nxc5 Qb6 17. Nb3 Ba6 18. Re1 Bc4 19. Nbd4 Nxd4 20. cxd4 Qxb2 21.
Qb1 Qxb1 22. Rexb1 Ne4 23. Rb8 e6 24. Rab1 Nc3 25.
Rxf8+ Bxf8 26. Rb8 Ne2+ 27. Kh2 Nxf4 28. exf4 Kg7 29.
Ne5 Bb4 30. Rb7 Bb3 31. Rxf7+ Kg8 32. Ra7 Bxa4 33. Ng4 Bc3 34. Nf6+ Kf8 35. Nxh7+ Ke8 36. Nf6+ Kd8 37. Ng4 Bb3 38. Ne5 a4 39. g4 Bxd4 40.
Nc6+ Kc8 41. Nxd4 Kb8 42. Ra5 Kb7 1-0

[Event "Early-Titled-Tuesday-Blitz-January-30-2024"]
[Site "Chess.com"]
[Date "2024.01.30"]
[Round "8"]
[White "dropstoneDP"]
[Black "Eagle_2019"]
[Result "1-0"]
[WhiteElo "3051"]
[BlackElo "2822"]
[TimeControl "180+1"]
[EndTime "9:29:55 PST"]
[Termination "dropstoneDP won by resignation"]

1. e4 c5 2. Nf3 Nc6 3. d4 cxd4 4. Nxd4 Nf6 5. Nc3 e5 6. Ndb5 d6 7. Nd5 Nxd5 8. exd5 Nb8 9. a4 Nd7 10. Be2 Be7 11.
O-O a6 12. Na3 O-O 13. Nc4 b6 14. f4 Bb7 15. fxe5 Nxe5 16. Be3 Nxc4 17. Bxc4 Bf6 18. Bd4 Bxd4+ 19. Qxd4 Qc7 20. Bd3 Rfe8 21. Rae1 Qc5 22. Qxc5 bxc5 23. Bc4 g6 24. a5 Kg7 25. g4 f6 26. h4 h6 27. Kf2 Re5 28. Rxe5 fxe5 29. Ke3 Bc8 30. Rg1 Ra7 31. b3 Rf7 32. Rf1 Ra7 33. Be2 Bb7 34. g5 hxg5 35. hxg5 Bxd5 36. Rd1 Be6 37. Rxd6 Bf5 38. Rxa6 Rd7 39. Rb6 Bxc2 40. a6 Ra7 41. Rb7+ 1-0

[Event "Early-Titled-Tuesday-Blitz-January-30-2024"]
[Site "Chess.com"]
[Date "2024.01.30"]
[Round "8"]
[White "blitzking1729"]
[Black "RichardLeyvaP"]
[Result "0-1"]
[WhiteElo "2692"]
[BlackElo "2544"]
[TimeControl "180+1"]
[EndTime "9:29:55 PST"]
[Termination "RichardLeyvaP won by resignation"]

1. g3 Nf6 2. Bg2 g6 3. Nf3 Bg7 4. O-O O-O 5. d3 d5 6. Nbd2 c5 7. e4 Nc6 8. exd5 Nxd5 9. Nc4 e5 10. a4 f6 11. c3 Be6 12. Re1 Qd7 13. a5 Rad8 14.
Nfd2 Nde7 15. Ne4 Qxd3 16. Qxd3 Rxd3 17. b3 Bxc4 18. bxc4 b6 19. axb6 axb6 20. Ra6 Rb8 21. Nxc5 bxc5 22. Bxc6 Rxc3 23. Bb5 Nf5 24. Be3 Nxe3 25.
fxe3 e4 26. Ra7 Bh6 27. Kf2 Rd8 28. Re2 Rdd3 29. Bc6 Bxe3+ 30. Kg2 f5 31. Bd5+ Kh8 32. Ra8+ Kg7 33. Ra7+ Kf6 34. Rxh7 Rd2 35. Rxd2 Bxd2 36. Rf7+ Ke5 37. g4 Bf4 38. gxf5 Rc2+ 39. Kf1 gxf5 40.
h4 Rh2 41. Re7+ Kd4 42. Rf7 e3 43. Rxf5 e2+ 0-1

[Event "Early-Titled-Tuesday-Blitz-January-30-2024"]
[Site "Chess.com"]
[Date "2024.01.30"]
[Round "8"]
[White "chito89"]
[Black "IwkooO"]
[Result "1/2-1/2"]
[WhiteElo "2895"]
[BlackElo "2675"]
[TimeControl "180+1"]
[EndTime "9:29:57 PST"]
[Termination "Game drawn by repetition"]

1. e4 c5 2. Nf3 e6 3. b3 Nf6 4. e5 Nd5 5. Bb2 Nc6 6. Nc3 Nxc3 7. dxc3 d6 8. exd6 Qxd6 9. Qe2 Be7 10. c4 O-O 11. Rd1 Qc7 12. h4 Qa5+ 13. Qd2 Qxa2 14.
Bc3 Rd8 15. Bd3 Qa6 16. Qf4 Qb6 17. Bxh7+ Kxh7 18. Qxf7 Rxd1+ 19. Kxd1 Qd8+ 20. Kc1 Qf8 21. Ng5+ Kh6 22. Qxf8 Bxf8 23. Re1 Kg6 24. g4 Be7 25.
f4 Bxg5 26. fxg5 e5 27. Rg1 Bd7 28. Bd2 Nd4 29. h5+ Kh7 30. Rf1 Bxg4 31. g6+ Kg8 32.
h6 gxh6 33. Rf7 Bf5 34. Bxh6 Re8 35. Rg7+ Kh8 36. Rh7+ Kg8 37. Rg7+ Kh8 38. Rh7+ Kg8 39. Rg7+ 1/2-1/2